 Dungeon Crawl Stone Soup version 0.23-b1 (webtiles) character file.

Game seed: 12130461938185923148

223 Korosensei the Grave Robber (level 5, -1/42 HPs)
             Began as a Deep Dwarf Necromancer on Jan 30, 2019.
             Was an Initiate of Makhleb.
             Slain by a bullfrog skeleton (3 damage)
             ... on level 5 of the Dungeon.
             The game lasted 00:14:03 (4043 turns).

Korosensei the Grave Robber (DDNe)                  Turns: 4043, Time: 00:14:03

Health: -1/42      AC:  2    Str: 11    XL:     5   Next: 66%
Magic:  6/10       EV: 12    Int: 17    God:    Makhleb [......]
Gold:   227        SH:  0    Dex: 13    Spells: 7/11 levels left

rFire    . . .     SeeInvis .   B - +0 hand axe
rCold    . . .     Gourm    .   (no shield)
rNeg     . . .     Faith    .   (no armour)
rPois    .         Spirit   .   w - +0 helmet
rElec    .         Reflect  .   (no cloak)
rCorr    .         Harm     .   k - +0 pair of gloves
MR       .....                  (no boots)
Stlth    ++........             (no amulet)
HPRegen  0.00/turn              (no ring)
MPRegen  0.12/turn              (no ring)

@: non-regenerating
A: damage resistance, heal wounds, sense surroundings 1, no regeneration
a: Heal Wounds, Renounce Religion


You were on level 5 of the Dungeon.
You worshipped Makhleb.
Makhleb was noncommittal.
You were hungry.

You visited 2 branches of the dungeon, and saw 7 of its levels.

You collected 227 gold pieces.

Inventory:

Hand Weapons
 t - a +0 dagger
 B - a +0 hand axe (weapon)
Armour
 a - a +0 robe
 k - a +0 pair of gloves (worn)
 o - a +0 shield
 w - a +0 helmet (worn)
 y - a +0 chain mail
 A - a +0 plate armour
Jewellery
 z - a cursed ring of flight {unknown}
Wands
 m - a wand of polymorph (9)
Scrolls
 b - 3 scrolls of teleportation
 d - a scroll of immolation {unknown}
 e - a scroll of magic mapping {unknown}
 f - 2 scrolls of amnesia {unknown}
 g - 4 scrolls of remove curse
 h - a scroll of noise {unknown}
 l - a scroll of enchant weapon {unknown}
 n - 2 scrolls of identify {unknown}
 v - 2 scrolls of enchant armour {unknown}
 C - a scroll of blinking {unknown}
Potions
 i - 2 potions of lignification {unknown}
 j - 3 potions of heal wounds {unknown}
 p - a potion of flight {unknown}
 q - a potion of curing {unknown}
 r - a potion of cancellation {unknown}
 s - a potion of ambrosia {unknown}
 u - a potion of brilliance {unknown}
 x - a potion of haste {unknown}
 D - 2 potions of agility {unknown}
Comestibles
 c - 9 rations


   Skills:
 - Level 0.3 Axes
 - Level 1.0 Armour
 - Level 2.1 Dodging
 - Level 2.4 Stealth
 + Level 3.6 Spellcasting
 + Level 6.2 Necromancy


You had 7 spell levels left.
You knew the following spells:

 Your Spells              Type           Power        Failure   Level  Hunger
a - Pain                  Necr           ###.         1%          1    None
b - Vampiric Draining     Necr           ###.......   3%          3    ###....

Your spell library contained the following spells:

 Spells                   Type           Power        Failure   Level  Hunger
 Animate Skeleton         Necr           N/A          1%          1    None
 Animate Dead             Necr           N/A          13%         4    ####...
 Beastly Appendage        Tmut           #.....       17%         1    None
 Sticks to Snakes         Tmut           #.......     26%         2    ##.....
 Spider Form              Tmut/Pois      #.........   45%         3    ###....
 Ice Form                 Ice/Tmut       #.......     86%         4    ####...
 Blade Hands              Tmut           #.........   99%         5    ######.
 Regeneration             Chrm/Necr      Unusable     N/A         3    N/A

Dungeon Overview and Level Annotations

Branches:
Dungeon (6/15)             Temple (1/1) D:4

Altars:
Ashenzari
Cheibriados
Elyvilon
Fedhas
Gozag
Hepliaklqana
Kikubaaqudgha
Makhleb
Okawaru
Qazlal
Ru
Sif Muna
Trog
Vehumet
Wu Jian
Xom
Zin
The Shining One

Shops:
D:4 %

Annotations:
D:5 exclusion: upstairs


Innate Abilities, Weirdness & Mutations

You are resistant to damage.
You can heal yourself by infusing magical energy.
You passively map a small area around you.
You do not regenerate.


Message History

The bullfrog skeleton hits you.
* * * LOW HITPOINT WARNING * * *
The bullfrog skeleton barely misses you.
You hit the bullfrog skeleton.
The bullfrog skeleton is moderately damaged.
The bullfrog skeleton closely misses you.
You hit the bullfrog skeleton.
The bullfrog skeleton is heavily damaged.
The bullfrog skeleton closely misses you.
The bullfrog skeleton completely misses you.
You hit the bullfrog skeleton.
The bullfrog skeleton is heavily damaged.
The bullfrog skeleton misses you. The bullfrog skeleton hits you.
You hit the bullfrog skeleton.
The bullfrog skeleton is severely damaged.
The bullfrog skeleton hits you.
You hit the bullfrog skeleton.
The bullfrog skeleton is severely damaged.
The bullfrog skeleton hits you.
You die...

*
#......Z........######
#......#.?####........
,
##.#.###........######
#.#...........## #
#.#..##.#####.* #
#.#..##......, #
#.......#####* #
###.Z....... #
#######@######.***
#.......# , #.#...#.#
, , # #...#.# ,
#.#...#.# , ,
#.......# *, ##
####.#### * #. #.#
######### #. #.#
#<.....># #.


You could see a bullfrog skeleton.

Vanquished Creatures
  A bullfrog zombie (D:3)
  A hound (D:5)
  9 adders
  5 worms
  3 dart slugs
  2 leopard geckos (D:4)
  An orc (D:4)
  3 giant cockroaches (D:2)
  6 hobgoblins
  7 jackals (D:1)
  A quokka (D:4)
  2 ball pythons
  4 bats
  5 frilled lizards
  7 goblins
  4 kobolds
  5 rats
66 creatures vanquished.

Notes
Turn   | Place    | Note
-------+----------+-------------------------------------------
     0 | D:1      | Korosensei the Deep Dwarf Necromancer began the quest for
                  | the Orb.
     0 | D:1      | Reached XP level 1. HP: 15/15 MP: 3/3
   234 | D:1      | Reached XP level 2. HP: 22/22 MP: 0/5
   651 | D:2      | Reached skill level 5 in Necromancy
   898 | D:2      | Reached XP level 3. HP: 28/28 MP: 2/6
   908 | D:2      | Learned a level 3 spell: Vampiric Draining
  1732 | D:3      | Found a faded altar of an unknown god.
  1736 | D:3      | Reached XP level 4. HP: 29/36 MP: 0/8
  2600 | D:4      | Found Yhe Qitt's Food Shoppe.
  2661 | D:5      | Entered Level 5 of the Dungeon
  2804 | D:4      | Reached XP level 5. HP: 22/42 MP: 2/9
  3389 | D:4      | Found a staircase to the Ecumenical Temple.
  3412 | Temple   | Entered the Ecumenical Temple
  3421 | Temple   | Became a worshipper of Makhleb the Destroyer
  3493 | D:4      | Noticed an ogre
  3599 | D:3      | HP: 2/42 [bullfrog zombie (2)]
  3600 | D:3      | Reached skill level 1 in Armour
  3600 | D:3      | Reached skill level 6 in Necromancy
  3842 | D:5      | Noticed a sky beast
  4038 | D:5      | HP: 2/42 [bullfrog skeleton (1)]
  4043 | D:5      | Slain by a bullfrog skeleton

Skill      XL: |  1  2  3  4  5 |
---------------+----------------+-----
Spellcasting   | 2 3 |  3.6
Necromancy     | 5 6 |  6.2
Armour         | 1 |  1.0
Axes           | |  0.3
Dodging        | |  2.1
Stealth        | |  2.4

Action                   |  1- 3 |  4- 6 || total
-------------------------+-------+-------++-------
Melee: Unarmed           |     1 |     1 ||     2
       Hand axe          |       |    68 ||    68
 Cast: Pain              |    72 |    58 ||   130
       Vampiric Draining |       |    14 ||    14
  Use: Scroll            |       |     2 ||     2
  Eat: Chunk             |     3 |     5 ||     8
       Ration            |       |     1 ||     1
Armor: Robe              |     7 |     4 ||    11
       Plate armour      |       |    52 ||    52
Dodge: Dodged            |    25 |    30 ||    55
